 Dungeon Crawl Stone Soup version 0.30.0-13-g156ef70053 (webtiles) character file.

Game seed: 14405417684189774555

67 Strat the Chopper (level 4, 0/39 HPs)
             Began as a Minotaur Berserker on May 17, 2023.
             Was a Believer of Trog.
             Killed from afar by an orc wizard (2 damage)
             ... with a magic dart
             ... on level 3 of the Dungeon.
             The game lasted 00:03:56 (897 turns).

Strat the Chopper (Minotaur Berserker)               Turns: 897, Time: 00:03:57

Health: 0/39       AC:  5    Str: 24    XL:     4   Next: 0%
Magic:  3/3        EV: 11    Int:  4    God:    Trog [**....]
Gold:   66         SH:  2    Dex:  9    Spells: 3/3 levels left

rFire   . . .        a - +0 hand axe
rCold   . . .        d - +0 buckler
rNeg    . . .        h - +0 ring mail
rPois   .            f - +0 hat
rElec   .            (no cloak)
rCorr   .            (no gloves)
SInv    .            (no boots)
Will    +....        s - amulet of the acrobat Stlth
                     j - ring of willpower
HPRegen 0.26/turn    (no ring)
MPRegen 0.08/turn

%: acrobat
@: no status effects
A: horns 2, retaliatory headbutt
a: Renounce Religion, Berserk, Trog's Hand


You were on level 3 of the Dungeon.
You worshipped Trog.
Trog was pleased with you.
You visited 1 branch of the dungeon, and saw 3 of its levels.

You collected 66 gold pieces.

Inventory:

Hand Weapons
 a - a +0 hand axe (weapon)
 c - a +0 sling
Armour
 b - a +0 animal skin
 d - a +0 buckler (worn)
 f - a +0 hat (worn)
 g - a +0 chain mail
 h - a +0 ring mail (worn)
Jewellery
 j - a ring of willpower (left hand)
 s - an amulet of the acrobat (around neck)
Scrolls
 e - a scroll of enchant weapon {unknown}
 i - 2 scrolls of poison {unknown}
 l - a scroll of teleportation {unknown}
 m - a scroll of fear {unknown}
 o - a scroll of enchant armour {unknown}
 q - a scroll of identify {unknown}
 t - 3 scrolls of summoning {unknown}
Potions
 k - a potion of berserk rage {unknown}
 n - a potion of mutation {unknown}
 p - a potion of cancellation {unknown}
 r - 2 potions of brilliance {unknown}


   Skills:
 - Level 3.6 Fighting
 + Level 5.9 Axes
 - Level 2.4 Armour
 - Level 2.1 Dodging


You had 3 spell levels left.
You didn't know any spells.
Your spell library was empty.

Dungeon Overview and Level Annotations

Branches:
Dungeon (3/15)

Altars:


Innate Abilities, Weirdness & Mutations

You have a pair of horns on your head.
You reflexively headbutt those who attack you in melee.


Message History

Trog accepts your kill.
You have reached level 4!
You feel stronger.
You hit something. Your headbutt misses something. Something hits you.
* * * LOW HITPOINT WARNING * * *
You hit something. Something hits you but does no damage.
You miss something. Something hits you.
* * * LOW HITPOINT WARNING * * *
You closely miss something. Something hits you.
* * * LOW HITPOINT WARNING * * *
You hit something. Something hits you.
* * * LOW HITPOINT WARNING * * *
You closely miss something. Something hits you but does no damage.
You miss something. You block something's attack.
You barely miss something. Something hits you.
* * * LOW HITPOINT WARNING * * *
You miss something. Your headbutt misses something.
Something hits you but does no damage.
You miss something. Something hits you but does no damage.
You miss something. Something hits you.
* * * LOW HITPOINT WARNING * * *
You miss something. Your headbutt misses something.
You hear some strange, mumbled words.
Something tries to affect you, but you resist.
You hit something. Your headbutt misses something.
You block something's attack.
You barely miss something. Your headbutt misses something.
You hear some strange, mumbled words.
A puff of flame appears from out of thin air!
The puff of flame hits you!
* * * LOW HITPOINT WARNING * * *
You hit something but do no damage.
You hear some strange, mumbled words.
A puff of flame appears from out of thin air!
The puff of flame misses you.
You miss something.
You hear some strange, mumbled words.
A magic dart appears from out of thin air!
The magic dart hits you.
You die...

# . ### .# #
#@# .#
#####.#{###.#
............#
#####.#.)...#
#.###...#
#.o....##
##...### #...
#...


There were no monsters in sight!

Vanquished Creatures
  An adder (D:2)
  3 dart slugs
  3 orcs (D:3)
  3 endoplasms
  3 giant cockroaches (D:1)
  3 hobgoblins
  3 jackals (D:2)
  2 quokkas (D:2)
  4 ball pythons
  2 bats (D:1)
  4 frilled lizards
  4 goblins
  6 kobolds
  8 rats
49 creatures vanquished.

Vanquished Creatures (others)
  A giant cockroach (D:3)
1 creature vanquished.

Grand Total: 50 creatures vanquished

Notes
Turn   | Place    | Note
-------+----------+-------------------------------------------
     0 | D:1      | Strat the Minotaur Berserker began the quest for the Orb.
     0 | D:1      | Reached XP level 1. HP: 19/19 MP: 0/0
    37 | D:1      | Reached skill level 4 in Axes
    65 | D:1      | Reached XP level 2. HP: 25/26 MP: 1/1
   309 | D:1      | Reached skill level 5 in Axes
   450 | D:2      | Reached ** piety under Trog
   451 | D:2      | Reached XP level 3. HP: 31/31 MP: 2/2
   882 | D:3      | Reached XP level 4. HP: 17/39 MP: 3/3
   895 | D:3      | HP: 1/39 [something/puff of flame (8)]
   897 | D:3      | Killed from afar by an orc wizard

Illustrated notes

Levels and vault maps discovered:
D:1:      onia_arrival_mini_spirals, layout_basic, minmay_misc_feat_rugged
D:2:      layout_basic, small_statue_intersection
D:3:      layout_basic, elyvilon_altar_4, serial_shops, shop_fountains,
          basic_ecumenical_altar

Skill      XL: |  1  2 |
---------------+-------+-----
Axes           | 4 5 |  5.9
Fighting       | |  3.6
Armour         | |  2.4
Dodging        | |  2.1

Action                     |  1- 3 |  4- 6 || total
---------------------------+-------+-------++-------
  Melee: Hand axe          |    98 |    16 ||   114
         Headbutt          |    12 |       ||    12
 Armour: Animal skin       |     5 |       ||     5
         Ring mail         |    26 |     4 ||    30
  Dodge: Dodged            |    40 |     1 ||    41
  Block: Buckler           |     5 |     2 ||     7
